Map: Abyssal Reef LE

Players

Railgan - Winner!

  • Race: Zerg Zerg
  • League: Grandmaster
  • Spawn Location: 11:00

KingFoxeR

  • Race: Terran Terran
  • League: Master
  • Spawn Location: 5:00

VOD

Have the link to the VOD?

Description

Time

  • Played on: March 19, 2017, 3:58 p.m.
  • Length: 11:20
Show
View Real Time Build Order
Export as new Build Order

Railgan Zerg - Winner!

Build Orders: Pool First, Lurkers 

Get SALT Encoding   

  12  0:01  Drone  
  13  0:12  Overlord  
  13  0:17  Drone  
  14  0:31  Drone x2  
  17  0:35  Drone  
  17  0:46  Spawning Pool  
  17  0:48  Drone  
  17  0:56  Drone  
  18  1:13  Hatchery  
  18  1:14  Extractor  
  18  1:17  Drone  
  17  1:21  Drone  
  18  1:37  Roach Warren  
  17  1:40  Queen  
  17  1:44  Zergling x2  
  20  1:47  Drone  
  20  1:50  Drone  
  22  2:00  Overlord  
  22  2:19  Queen  
  22  2:21  Roach  
  26  2:23  Roach  
  26  2:27  Roach  
  30  2:32  Queen  
  32  2:39  Overlord  
  32  2:43  Drone  
  33  2:56  Drone x2  
  35  3:01  Drone x2  
  35  3:04  Drone  
  35  3:05  Drone  
  39  3:07  Drone  
  40  3:13  Drone x2  
  41  3:21  Lair  
  41  3:26  Drone x2  
  43  3:32  Drone  
  43  3:33  Overlord  
  44  3:37  Extractor  
  43  3:42  Drone  
  44  3:49  Overlord  
  44  3:53  Extractor x2, Drone  
  44  3:54  Drone x3  
  46  3:58  Overlord  
  46  3:59  Drone  
  47  4:05  Drone x4  
  47  4:07  Drone  
  47  4:09  Drone  
  53  4:12  Drone  
  54  4:22  Overseer  
  54  4:26  Hydralisk Den, Glial Reconstitution  
  54  4:28  Overseer  
  53  4:33  Queen  
  53  4:34  Queen  
  57  4:43  Drone x2  
  58  4:52  Drone  
  59  5:00  Overlord  
  59  5:03  Muscular Augments  
  59  5:05  Hatchery  
  59  5:06  Drone  
  59  5:07  Spore Crawler x2  
  58  5:13  Roach x3  
  61  5:22  Roach  
  61  5:23  Roach  
  61  5:27  Queen  
  67  5:29  Queen  
  67  5:34  Overlord  
  65  5:46  Roach x2  
  61  6:03  Drone x2  
  63  6:06  Evolution Chamber  
  63  6:07  Evolution Chamber  
  63  6:08  Drone x3  
  64  6:17  Pneumatized Carapace  
  64  6:18  Lurker Den  
  64  6:19  Hydralisk x5  
  64  6:23  Drone  
  64  6:24  Drone  
  76  6:26  Overlord  
  76  6:29  Overlord  
  74  6:50  Drone  
  74  6:51  Drone x7  
  80  6:55  Drone  
  80  6:56  Zerg Missile Weapons Level 1, Zerg Ground Armor Level 1  
  80  6:57  Drone  
  80  6:58  Overlord  
  80  7:01  Drone  
  83  7:02  Drone  
  83  7:05  Drone x3  
  83  7:07  Extractor  
  83  7:08  Extractor  
  85  7:17  Drone  
  85  7:18  Drone x2  
  85  7:20  Drone  
  87  7:26  Drone  
  87  7:27  Drone  
  87  7:28  Drone  
  90  7:30  Infestation Pit  
  90  7:31  Drone x2, Hatchery  
  90  7:33  Drone x2  
  90  7:35  Drone  
  93  7:39  Overlord  
  93  7:43  Metabolic Boost  
  93  7:51  Lurker x5  
  98  7:54  Zergling x8  
  102  8:00  Drone x2  
  102  8:03  Drone  
  105  8:06  Overlord  
  105  8:08  Hive  
  105  8:09  Zergling x6  
  108  8:28  Hydralisk x6  
  108  8:33  Overlord  
  120  8:37  Drone x2  
  120  8:39  Drone  
  120  8:40  Extractor, Drone  
  123  8:43  Extractor  
  123  8:44  Hydralisk  
  123  8:45  Hydralisk  
  126  8:52  Hydralisk, Hatchery  
  126  8:53  Hydralisk  
  126  8:54  Hydralisk x2  
  133  8:56  Hydralisk  
  133  8:57  Hydralisk  
  133  9:00  Drone x2  
  133  9:07  Hydralisk x5  
  143  9:11  Overlord x2  
  143  9:15  Overlord x2  
  143  9:19  Overlord x2  
  143  9:20  Overlord  
  143  9:22  Overlord  
  140  9:25  Overlord  
  140  9:27  Drone x2  
  140  9:28  Drone  
  140  9:29  Viper  
  143  9:41  Zergling x2  
  143  9:43  Hydralisk x2  
  143  9:44  Evolution Chamber  
  147  9:51  Lurker x2  
  147  9:52  Lurker  
  147  9:53  Hydralisk x2  
  147  9:55  Drone x2  
  147  9:56  Drone  
  154  10:00  Hydralisk x3  
  156  10:10  Hydralisk  
  156  10:11  Hydralisk x3  
  127  10:21  Hydralisk x5  
  136  10:29  Hydralisk  
  136  10:32  Hydralisk x4  
  143  10:43  Hydralisk  
  143  10:44  Hydralisk  
  143  10:46  Hydralisk  
  143  10:49  Hydralisk x4  
  157  10:53  Hydralisk  
  157  10:55  Hydralisk  
  157  10:56  Hydralisk  
Show
View Real Time Build Order
Export as new Build Order

KingFoxeR Terran 

Build Orders: Hellion Banshee, MMM Bio 

Get SALT Encoding   

  12  0:00  SCV  
  13  0:12  SCV  
  14  0:17  Supply Depot  
  14  0:25  SCV  
  15  0:31  Refinery  
  15  0:39  SCV  
  16  0:45  Barracks  
  16  0:51  SCV  
  17  1:03  SCV  
  18  1:20  SCV  
  19  1:35  Orbital Command  
  19  1:38  Marine  
  20  1:45  Command Center  
  20  1:56  Factory  
  20  2:00  Barracks Reactor  
  20  2:03  SCV  
  21  2:11  Supply Depot  
  21  2:15  SCV  
  22  2:23  Refinery  
  22  2:27  SCV  
  23  2:43  Starport, SCV  
  24  2:49  Hellion x2  
  28  2:56  SCV  
  28  2:57  Orbital Command  
  29  2:59  Barracks Tech Lab  
  28  3:08  SCV  
  33  3:20  SCV  
  33  3:23  SCV  
  33  3:25  Cyclone  
  33  3:26  Banshee  
  37  3:32  SCV  
  38  3:37  Cyclone  
  39  3:42  SCV  
  39  3:44  Supply Depot  
  40  3:50  SCV  
  41  3:56  SCV  
  41  4:02  SCV  
  43  4:07  Hellion  
  43  4:08  SCV  
  43  4:09  Banshee, Hellion  
  51  4:13  Cloaking Field  
  51  4:15  SCV  
  52  4:22  Supply Depot  
  52  4:23  SCV  
  52  4:24  Supply Depot  
  53  4:25  Barracks Tech Lab  
  53  4:27  SCV  
  54  4:38  Supply Depot  
  54  4:44  Hellion x2, SCV  
  59  4:46  SCV  
  60  4:55  Marine  
  60  4:56  SCV, Stimpack  
  60  4:58  SCV  
  63  5:02  Supply Depot  
  63  5:08  SCV  
  63  5:10  SCV  
  65  5:18  Command Center  
  65  5:19  Engineering Bay  
  65  5:20  SCV  
  66  5:21  Engineering Bay  
  66  5:22  SCV  
  66  5:24  Refinery  
  67  5:33  SCV  
  67  5:35  SCV  
  62  5:45  SCV  
  62  5:48  SCV  
  54  5:54  Factory Tech Lab  
  51  5:57  SCV  
  51  5:58  Terran Infantry Armor Level 1, Terran Infantry Weapons Level 1  
  51  6:00  Barracks, SCV  
  51  6:02  Barracks  
  51  6:03  Refinery  
  48  6:06  Bunker  
  48  6:07  Siege Tank, Marauder, Medivac  
  48  6:09  SCV  
  56  6:12  SCV  
  57  6:21  Barracks x2, SCV  
  58  6:30  Marauder, Orbital Command  
  57  6:44  SCV  
  57  6:50  SCV  
  57  6:54  Barracks Reactor x2  
  57  6:56  SCV, Combat Shields  
  58  7:02  Siege Tank, SCV, Medivac  
  58  7:03  Medivac  
  58  7:05  SCV  
  67  7:08  SCV  
  67  7:09  Barracks Reactor  
  67  7:10  Barracks Reactor  
  67  7:14  SCV  
  69  7:17  SCV  
  69  7:19  Armory  
  69  7:21  Orbital Command  
  70  7:27  Supply Depot, SCV x2  
  70  7:28  Supply Depot  
  72  7:30  Marine x2  
  72  7:31  Marine x2  
  76  7:39  Marine, SCV  
  78  7:46  SCV  
  78  7:48  Marine x3, SCV  
  78  7:51  SCV  
  84  7:59  Bunker, Marine x5, Marauder  
  84  8:00  Siege Tank, Supply Depot  
  94  8:06  Marine x3  
  94  8:07  Terran Infantry Weapons Level 2, Terran Infantry Armor Level 2  
  94  8:09  SCV x2  
  94  8:11  SCV  
  94  8:12  Refinery  
  100  8:15  Terran Vehicle Weapons Level 1  
  100  8:16  Marine  
  100  8:17  Marine x2  
  103  8:22  Marauder  
  105  8:29  Marine  
  105  8:31  SCV x2  
  108  8:35  Supply Depot  
  108  8:36  Supply Depot, SCV  
  108  8:38  Refinery  
  108  8:40  Marine x6  
  115  8:42  Siege Tank  
  115  8:43  SCV  
  115  8:44  Marauder  
  115  8:48  Marine x2, Liberator x2  
  122  8:55  SCV x2  
  124  8:57  Marine  
  124  9:01  Marine  
  126  9:03  Marine x2  
  126  9:05  SCV  
  126  9:07  SCV  
  126  9:08  Unknown  
  126  9:09  Unknown x4  
  132  9:10  Marine x3  
  132  9:11  Marine x2  
  132  9:15  Marine  
  135  9:19  Marine  
  135  9:21  Marine  
  137  9:25  Marine  
  137  9:28  Marine  
  137  9:29  SCV  
  137  9:30  SCV  
  135  9:47  SCV x3  
  138  9:59  SCV x3  
  141  10:00  Missile Turret x2  
  141  10:04  Marine  
  141  10:05  Marine x3  
  141  10:06  Marine  
  141  10:07  Marine x2  
  141  10:08  Marine  
  141  10:09  Marauder  
  141  10:10  Siege Tank  
  134  10:17  SCV x2  
  134  10:19  Medivac x2  
  139  10:22  Marine  
  139  10:23  Marine x2  
  139  10:24  Supply Depot  
  139  10:25  Marine  
  139  10:26  Supply Depot  
  139  10:27  Supply Depot  
  133  10:32  Marine x2  
  96  10:45  Marine x3  
  96  10:46  Marine x3  
  96  10:47  Siege Tank  
  96  10:49  Medivac x2  
  107  10:53  Marine x2  
  107  10:55  Marine  
Tags
 
Add a new tag
Caveats
  • Supply blocks, unpowered buildings, or Contaminate may cause inaccurate times.
  • Supply counts are checked every 10 seconds.